 Dungeon Crawl Stone Soup version bcrawl-1.21.2-1-g32d02e0829 (webtiles) character file.

Game seed: 13133800932531229011

1235 Mrkan the Shield-Bearer (level 8, -4/67 HPs)
             Began as a Gnoll Fighter on Feb 19, 2020.
             Was an Initiate of Ashenzari.
             Slain by an orc warrior
             ... wielding a +0 mace
              (16 damage)
             ... on level 6 of the Dungeon.
             The game lasted 00:06:24 (4573 turns).

Mrkan the Shield-Bearer (Gnoll Fighter)             Turns: 4573, Time: 00:06:25

Health: -4/67      AC: 10    Str: 20    XL:     8   Next: 49%
Magic:  12/12      EV:  8    Int: 11    God:    Ashenzari [......]
Gold:   380        SH: 11    Dex: 15    Spells: 13/13 levels left

rFire    . . .     SeeInvis .   a - +0 trident
rCold    + . .     Gourm    .   c - +0 shield (curse)
rNeg     . . .     Faith    .   p - +0 chain mail
rPois    .         Spirit   .   (no helmet)
rElec    .         Reflect  .   (no cloak)
rCorr    .         Harm     .   (no gloves)
MR       .....                  (no boots)
Stlth    ..........             (no amulet)
HPRegen  0.21/turn              o - ring of protection from cold
MPRegen  0.13/turn              (no ring)

@: lethally poisoned (-4 -> -9)
A: distributed training, fangs 1, strong nose
a: Curse Item, Renounce Religion


You were on level 6 of the Dungeon.
You worshipped Ashenzari.
Ashenzari was noncommittal.
You were hungry.

You visited 1 branch of the dungeon, and saw 6 of its levels.

You collected 380 gold pieces.

Inventory:

Hand Weapons
 a - a +0 trident (weapon)
Armour
 c - a cursed +0 shield (worn)
 p - a +0 chain mail (worn)
 v - the +2 helmet of Ororap {Int+4 Dex+3}
   (You found it on level 5 of the Dungeon)

   It affects your intelligence (+4).
   It affects your dexterity (+3).
Jewellery
 o - a ring of protection from cold (left hand)
 q - an uncursed ring of protection from fire
Scrolls
 d - 3 scrolls of remove curse {unknown}
 g - 5 scrolls of teleportation {unknown}
 h - 2 scrolls of fear {unknown}
 i - 6 scrolls of identify {unknown}
 k - 2 scrolls of magic mapping {unknown}
 n - 2 scrolls of amnesia {unknown}
 r - a scroll of fog {unknown}
 u - a scroll of enchant weapon {unknown}
Potions
 b - 2 potions of heal wounds {unknown}
 f - a potion of berserk rage {unknown}
 j - 2 potions of haste {unknown}
 l - a potion of ambrosia {unknown}
 m - a potion of degeneration {unknown}
 s - a potion of lignification {unknown}
 t - a potion of curing {unknown}
 x - a potion of flight {unknown}
Comestibles
 e - 10 rations {!d}
 w - 9 chunks of flesh


   Skills:
 + Level 7.3 Fighting
 + Level 3.2 Short Blades
 + Level 3.2 Long Blades
 + Level 3.2 Axes
 + Level 3.2 Maces & Flails
 + Level 5.6 Polearms
 + Level 3.2 Staves
 + Level 3.2 Slings
 + Level 3.2 Bows
 + Level 3.2 Crossbows
 + Level 3.2 Throwing
 + Level 7.3 Armour
 + Level 3.2 Dodging
 + Level 3.2 Stealth
 + Level 7.3 Shields
 + Level 3.2 Unarmed Combat
 + Level 3.2 Spellcasting
 + Level 2.6 Conjurations
 + Level 2.6 Hexes
 + Level 2.6 Charms
 + Level 2.6 Summonings
 + Level 2.6 Necromancy
 + Level 2.6 Translocations
 + Level 2.6 Transmutations
 + Level 2.6 Fire Magic
 + Level 2.6 Ice Magic
 + Level 2.6 Air Magic
 + Level 2.6 Earth Magic
 + Level 2.6 Poison Magic
 + Level 3.5 Invocations
 + Level 3.2 Evocations


You had 13 spell levels left.
You didn't know any spells.
Your spell library contained the following spells:

 Spells                   Type           Power        Failure   Level  Hunger
 Corona                   Hex            #......      89%         1    #......


Dungeon Overview and Level Annotations

Branches:
Dungeon (6/12)
 Temple: D:4-7

Altars:
Ashenzari
Fedhas
Kikubaaqudgha
Sif Muna
Vehumet


Innate Abilities, Weirdness & Mutations

Your experience applies equally to all skills.
You have very sharp teeth.
Your uncanny sense of smell can sniff out nearby items.


Message History

The orc warrior hits you with a +0 mace.
* * * LOW HITPOINT WARNING * * *
The orc barely misses you. x2
You barely miss the orc.
You feel sick. You block the worker ant's attack.
You block the scorpion's attack. You block the orc's attack.
The orc hits you but does no damage.
The orc warrior hits you with a +0 mace.
* * * LOW HITPOINT WARNING * * *
The worker ant bites you.
* * * LOW HITPOINT WARNING * * *
You are more poisoned.
The worker ant poisons you!
You hit the orc.
The orc is lightly wounded.
You feel sick.
The scorpion stings you but does no damage.
The worker ant barely misses you. The orc completely misses you.
The orc hits you but does no damage.
The orc warrior hits you with a +0 mace!
You die...

.........
#.......#
#<......#
#.......#
#.......#
..#.......## #
#.....ooa..##...
#.###@##......
#.Jao.s...#
....######..# ##
.# .# # ∆ ∆


You could see an orc warrior, a scorpion, a jelly, 2 worker ants and 2 orcs.

Vanquished Creatures
  2 sky beasts (D:4)
  A black bear (D:5)
  An ogre (D:2)
  3 phantoms
  A howler monkey (D:3)
  A crimson imp (D:4)
  2 orc priests
  3 hounds
  A bullfrog skeleton (D:4)
  3 orc wizards
  2 worker ants
  A worker ant zombie (D:5)
  6 adders (D:3)
  3 oozes
  4 adder skeletons
  An adder zombie (D:5)
  4 worms
  5 dart slugs
  3 leopard geckos (D:2)
  18 orcs
  A ball python (D:1)
  2 giant cockroaches (D:2)
  A goblin (D:2)
  7 hobgoblins
  15 jackals
  10 kobolds
  2 quokkas (D:2)
  7 bats
  2 frilled lizards
  A quokka zombie (D:5)
  5 rats
118 creatures vanquished.

Notes
Turn   | Place    | Note
-------+----------+-------------------------------------------
     0 | D:1      | Mrkan the Gnoll Fighter began the quest for the Orb.
     0 | D:1      | Reached XP level 1. HP: 23/23 MP: 1/1
    76 | D:1      | Reached XP level 2. HP: 24/29 MP: 2/2
   641 | D:2      | Reached XP level 3. HP: 35/35 MP: 3/3
   708 | D:2      | Reached skill level 1 in Invocations
   789 | D:2      | Noticed an ogre
  1153 | D:2      | Reached skill level 1 in Short Blades
  1153 | D:2      | Reached skill level 1 in Long Blades
  1153 | D:2      | Reached skill level 1 in Axes
  1153 | D:2      | Reached skill level 1 in Maces & Flails
  1153 | D:2      | Reached skill level 1 in Staves
  1153 | D:2      | Reached skill level 1 in Slings
  1153 | D:2      | Reached skill level 1 in Bows
  1153 | D:2      | Reached skill level 1 in Crossbows
  1153 | D:2      | Reached skill level 1 in Throwing
  1153 | D:2      | Reached skill level 1 in Dodging
  1153 | D:2      | Reached skill level 1 in Stealth
  1153 | D:2      | Reached skill level 1 in Unarmed Combat
  1153 | D:2      | Reached skill level 1 in Spellcasting
  1153 | D:2      | Reached skill level 1 in Evocations
  1180 | D:2      | Reached XP level 4. HP: 32/41 MP: 5/5
  1328 | D:2      | Killed an ogre
  1328 | D:2      | Reached skill level 1 in Conjurations
  1328 | D:2      | Reached skill level 1 in Hexes
  1328 | D:2      | Reached skill level 1 in Charms
  1328 | D:2      | Reached skill level 1 in Summonings
  1328 | D:2      | Reached skill level 1 in Necromancy
  1328 | D:2      | Reached skill level 1 in Translocations
  1328 | D:2      | Reached skill level 1 in Transmutations
  1328 | D:2      | Reached skill level 1 in Fire Magic
  1328 | D:2      | Reached skill level 1 in Ice Magic
  1328 | D:2      | Reached skill level 1 in Air Magic
  1328 | D:2      | Reached skill level 1 in Earth Magic
  1328 | D:2      | Reached skill level 1 in Poison Magic
  1328 | D:2      | Reached XP level 5. HP: 47/47 MP: 5/7
  1444 | D:2      | Found a shattered altar of Ashenzari.
  1476 | D:2      | Became a worshipper of Ashenzari the Shackled
  1771 | D:3      | Reached XP level 6. HP: 53/53 MP: 8/8
  1907 | D:3      | Reached skill level 5 in Polearms
  2235 | D:3      | Noticed a phantom
  2296 | D:3      | Killed a phantom
  2751 | D:3      | Reached XP level 7. HP: 52/59 MP: 10/10
  3215 | D:4      | Found a radiant altar of Vehumet.
  3390 | D:4      | Found an ancient bone altar of Kikubaaqudgha.
  3391 | D:4      | Found a shimmering blue altar of Sif Muna.
  3395 | D:4      | Identified Sif Muna's Catalogue of Hexes
  3539 | D:5      | Entered Level 5 of the Dungeon
  3616 | D:5      | Reached XP level 8. HP: 57/67 MP: 12/12
  3796 | D:5      | Got the uncursed helmet of Ororap {Int+4 Dex+3}
  3893 | D:5      | Found a blossoming altar of Fedhas.
  4573 | D:6      | Slain by an orc warrior

Skill      XL: |  1  2  3  4  5  6  7  8 |
---------------+-------------------------+-----
Invocations    | 1 2 3 |  3.5
Short Blades   | 1 2 3 |  3.2
Long Blades    | 1 2 3 |  3.2
Axes           | 1 2 3 |  3.2
Maces & Flails | 1 2 3 |  3.2
Staves         | 1 2 3 |  3.2
Slings         | 1 2 3 |  3.2
Bows           | 1 2 3 |  3.2
Crossbows      | 1 2 3 |  3.2
Throwing       | 1 2 3 |  3.2
Dodging        | 1 2 3 |  3.2
Stealth        | 1 2 3 |  3.2
Unarmed Combat | 1 2 3 |  3.2
Spellcasting   | 1 2 3 |  3.2
Evocations     | 1 2 3 |  3.2
Conjurations   | 1 2 |  2.6
Hexes          | 1 2 |  2.6
Charms         | 1 2 |  2.6
Summonings     | 1 2 |  2.6
Necromancy     | 1 2 |  2.6
Translocations | 1 2 |  2.6
Transmutations | 1 2 |  2.6
Fire Magic     | 1 2 |  2.6
Ice Magic      | 1 2 |  2.6
Air Magic      | 1 2 |  2.6
Earth Magic    | 1 2 |  2.6
Poison Magic   | 1 2 |  2.6
Polearms       | 5 |  5.6
Fighting       | 7 |  7.3
Armour         | 7 |  7.3
Shields        | 7 |  7.3

Action                   |  1- 3 |  4- 6 |  7- 9 || total
-------------------------+-------+-------+-------++-------
Melee: Trident           |   108 |   160 |   251 ||   519
       Bite              |    12 |    19 |    32 ||    63
Invok: Curse Item        |       |     1 |       ||     1
  Use: Potion            |       |     1 |       ||     1
  Eat: Chunk             |       |     6 |     6 ||    12
Armor: Scale mail        |    31 |    70 |    29 ||   130
       Chain mail        |       |       |    90 ||    90
Dodge: Dodged            |    30 |    51 |    75 ||   156
Block: Shield            |    62 |    88 |   183 ||   333
